 Dungeon Crawl Stone Soup version 0.29-a0-330-g52719c12eb (webtiles) character file.

Game seed: 1622600392769327686

935 kae the Firebug (level 7, -10/50 HPs)
             Began as a Demigod Fire Elementalist on May 1, 2022.
             Killed by divine providence
             ... invoked by an orc priest
              (15 damage)
             ... on level 5 of the Dungeon.
             The game lasted 00:02:50 (3995 turns).

kae the Firebug (Demigod Fire Elementalist)         Turns: 3995, Time: 00:02:51

Health: -10/50     AC:  7    Str:  8 (9)  XL:     7   Next: 56%
Magic:  13/17      EV: 16    Int: 23 (25) God:
Gold:   108        SH:  0    Dex: 13 (14) Spells: 9/15 levels left

rFire   . . .      SeeInvis .   f - +1 dagger
rCold   . . .      Faith    .   (no shield)
rNeg    . . .      Spirit   .   a - +0 robe
rPois   .          Reflect  .   (no helmet)
rElec   .          Harm     .   (no cloak)
rCorr   .          Rampage  .   k - +0 pair of gloves
Will    .....                   (no boots)
Stlth   ++........              (no amulet)
HPRegen 0.16/turn               c - +4 ring of evasion
MPRegen 0.15/turn               j - +4 ring of protection

@: no status effects
A: high MP 1, forlorn, divine attributes
a: no special abilities


You were on level 5 of the Dungeon.
You visited 1 branch of the dungeon, and saw 6 of its levels.

You collected 108 gold pieces.

Inventory:

Hand Weapons
 f - a +1 dagger (weapon)
Armour
 a - a +0 robe (worn)
 k - a +0 pair of gloves (worn)
 v - a +0 helmet
Jewellery
 c - a +4 ring of evasion (left hand)
 j - a +4 ring of protection (right hand)
Wands
 s - a wand of polymorph (14)
Scrolls
 b - a scroll of enchant armour {unknown}
 d - a scroll of fog {unknown}
 m - 2 scrolls of amnesia
 n - 2 scrolls of enchant weapon
 p - a scroll of summoning
 r - a scroll of immolation
Potions
 g - 2 potions of curing
 i - a potion of lignification
 o - 2 potions of brilliance


   Skills:
 - Level 1.7 Dodging
 - Level 1.7 Stealth
 + Level 4.6 Spellcasting
 + Level 4.6 Conjurations
 + Level 5.4 Fire Magic


You had 9 spell levels left.
You knew the following spells:

 Your Spells              Type           Power      Damage    Failure   Level
a - Foxfire               Conj/Fire      100%       2x1d9     1%          1
b - Scorch                Fire           60%        2d8       1%          2
c - Conjure Flame         Conj/Fire      28%        6-21      3%          3

Your spell library contained the following spells:

 Spells                   Type           Power      Damage    Failure   Level
 Sting                    Tmut/Pois      20%        1d4       10%         1
 Inner Flame              Hex/Fire       17%        N/A       10%         3
 Flame Wave               Conj/Fire      28%        2d8       12%         4
 Poisonous Vapours        Pois/Air       10%        N/A       16%         2
 Olgreb's Toxic Radiance  Pois           5%         N/A       69%         4


Dungeon Overview and Level Annotations

Branches:
Dungeon (6/15)             Temple (0/1) D:5

Annotations:
D:3 Terence


Innate Abilities, Weirdness & Mutations

You have an increased reservoir of magic. (+10% MP)
You shall have no god before yourself.
Your divine heritage dramatically boosts your attributes as you level up.


Message History

Your foxfire dissipates! x2
An orc priest and an orc come into view.
The orc priest shouts!
The orc shouts!
You hear a shout! x3
The orc priest moves out of view.
An orc comes into view. It is wielding a +0 war axe.
Things that are here:
a +0 dagger; a +0 scale mail The orc moves out of view.
There is a fountain of clear blue water here.
Casting: Foxfire (safe; 1% risk of failure)
Confirm with . or Enter, or press ? or * to list all spells.
You conjure some foxfire!
The foxfire hits the orc!
You kill the orc!
Casting: Foxfire (safe; 1% risk of failure)
Confirm with . or Enter, or press ? or * to list all spells.
You conjure some foxfire!
Your foxfire dissipates!
The foxfire hits the orc priest.
The orc priest is lightly wounded.
An orc comes into view. It is wielding a +0 hand axe.
The orc priest mumbles some strange prayers to Beogh against you.
Beogh smites you!
* * * LOW HITPOINT WARNING * * *
Casting: Foxfire (safe; 1% risk of failure)
Confirm with . or Enter, or press ? or * to list all spells.
You conjure some foxfire!
The foxfire hits the orc priest.
The orc priest is moderately wounded.
An orc comes into view. It is wielding a +0 dagger.
The foxfire hits the orc priest.
The orc priest is heavily wounded.
The foxfire hits the orc priest!
The orc priest is almost dead.
Casting: Foxfire (safe; 1% risk of failure)
Confirm with . or Enter, or press ? or * to list all spells.
You conjure some foxfire!
An orc comes into view. It is wielding a +0 club.
The orc priest invokes the aid of Beogh against you.
Beogh smites you!
You die...

,,,,,*** *,**##.# *.#*,##.*≈≈≈≈
***,** *,,,,..# *.##.oo#*≈≈≈≈ *,*
********#.####.o...#*≈≈≈≈≈ ##.*
*,,,* #.##...#*,,,*≈≈≈≈,
#..#***,,,*** #..)###.....#,,,,,
#...,,,,,,,,* #.o.# **#.###*,,,,
*#..#*##########..§###.o...,*,,,,
*#...,...........v..o.....,.**,,,
##..########..⌠.@v..⌠o....,,***,,
.#.................).....#*,*,*,,
.#...........###...###....,,,,*,,
.#...........# #.⌠.# *....,,,,*,,
.#.........†.#*#...# *,.<.,,,,*,,
....####........#.## *,,..,,*,*,,
....#########.#...# *,,,**,*,,,,
†).........,,.#.#.# *,,,,,,,,,,,
.#.........,,.#,*,* *,,,**,,,*,,


You could see an orc priest (ally target) and 3 orcs.

Vanquished Creatures
  A steam dragon (D:6)
  An ogre (D:6)
  A bullfrog (D:6)
  A gnoll sergeant (D:6)
  A scorpion (D:6)
  A necrophage (D:6)
  A killer bee (D:6)
  2 hounds
  2 orc priests (D:6)
  Natasha (thrice) (D:3)
  An iguana (D:5)
  An orc wizard (D:6)
  6 adders
  5 gnolls (D:6)
  An ufetubus (D:6)
  A worm (D:5)
  A dart slug (D:3)
  8 orcs
  4 ball pythons
  3 bats
  9 endoplasms
  6 giant cockroaches
  3 goblins
  3 hobgoblins
  7 kobolds
  3 quokkas (D:1)
  4 frilled lizards (D:1)
  10 rats
90 creatures vanquished.

Vanquished Creatures (others)
  292 foxfires
292 creatures vanquished.

Grand Total: 382 creatures vanquished

Notes
Turn   | Place    | Note
-------+----------+-------------------------------------------
     0 | D:1      | kae the Demigod Fire Elementalist began the quest for the
                  | Orb.
     0 | D:1      | Reached XP level 1. HP: 14/14 MP: 5/5
    32 | D:1      | Reached skill level 1 in Conjurations
   296 | D:1      | Reached XP level 2. HP: 15/20 MP: 4/7
   303 | D:1      | Reached skill level 3 in Fire Magic
   540 | D:1      | Learned a level 2 spell: Scorch
   982 | D:1      | Reached XP level 3. HP: 26/26 MP: 6/9
   986 | D:1      | Learned a level 3 spell: Conjure Flame
  2564 | D:3      | Noticed Natasha
  2571 | D:3      | Killed Natasha
  2572 | D:3      | Reached XP level 4. HP: 30/33 MP: 6/10
  3065 | D:3      | Noticed Terence
  3188 | D:3      | Noticed Natasha
  3196 | D:3      | Killed Natasha
  3347 | D:3      | Noticed Natasha
  3352 | D:3      | Killed Natasha
  3353 | D:3      | Reached XP level 5. HP: 30/38 MP: 6/12
  3608 | D:4      | You fall into a shaft and drop 2 floors!
  3613 | D:6      | Noticed an ogre
  3615 | D:6      | Reached skill level 4 in Fire Magic
  3622 | D:6      | Killed an ogre
  3623 | D:6      | Reached XP level 6. HP: 42/45 MP: 0/14
  3838 | D:6      | Noticed a steam dragon
  3850 | D:6      | Killed a steam dragon
  3851 | D:6      | Reached skill level 5 in Fire Magic
  3851 | D:6      | Reached XP level 7. HP: 10/50 MP: 6/16
  3908 | D:5      | Entered Level 5 of the Dungeon
  3957 | D:5      | Found a staircase to the Ecumenical Temple.
  3995 | D:5      | Killed from afar by an orc priest

Illustrated notes

Levels and vault maps discovered:
D:1:      lightli_arrival_chessboard, layout_rooms,
          ebering_ecumenical_altar_abandoned
D:2:      layout_loops_corners
D:3:      layout_loops_ring, bloody_makhleb, uniq_terence, uniq_natasha
D:4:      layout_loops_ring
D:5:      layout_basic, minmay_temple_entry_junction, serial_shops,
          kennysheep_little_box, portal_sewer_entry_b, nicolae_underground_beach
D:6:      cheibrodos_barr_body, layout_rooms

Skill      XL: |  1  2  3  4  5  6 |
---------------+-------------------+-----
Conjurations   | 1 2 3 4 |  4.6
Spellcasting   | 2 3 4 |  4.6
Fire Magic     | 3 4 5 |  5.4
Dodging        | |  1.7
Stealth        | |  1.7

Action                   |  1- 3 |  4- 6 |  7- 9 || total
-------------------------+-------+-------+-------++-------
Melee: Dagger            |     4 |       |     1 ||     5
 Cast: Foxfire           |    88 |    55 |    24 ||   167
       Scorch            |     6 |     9 |     1 ||    16
       Conjure Flame     |       |     2 |       ||     2
  Use: Scroll            |     4 |     2 |     2 ||     8
       Potion            |       |     3 |     8 ||    11
Armor: Robe              |     5 |     3 |       ||     8
       Skin              |       |       |     7 ||     7
Dodge: Dodged            |    24 |    23 |     7 ||    54

Table legend: (Time is in decaauts)
 A = Elapsed time spent in this place.
 B = Non-inter-level travel time spent in this place.
 C = Inter-level travel time spent in this place.
 D = Time resting spent in this place.
 E = Time spent auto-exploring this place.
 F = Levels seen in this place.
 G = Mean time per level.
                   A        B        C        D        E       F      G
               +--------+--------+--------+--------+--------+-----+--------+
         Total |   3976 |   3899 |     77 |    139 |   3160 |   6 |  662.7 |
       Dungeon |   3976 |   3899 |     77 |    139 |   3160 |   6 |  662.7 |
               +--------+--------+--------+--------+--------+-----+--------+

Top non-repeatable levels by time:
     D:1: 1220 daAuts
     D:3: 1196 daAuts
     D:2: 1162 daAuts
     D:6: 292 daAuts
     D:5: 77 daAuts
     D:4: 25 daAuts
